 Dungeon Crawl Stone Soup version 0.22.1-1-ga44c0e5 (webtiles) character file.

4134 leisz the Geomancer (level 10, -3/65 HPs)
             Began as a Gargoyle Earth Elementalist on Sept 30, 2018.
             Was an Initiate of Gozag.
             Slain by ThePrince's ghost (6 damage)
             ... on level 8 of the Dungeon.
             The game lasted 00:28:47 (8583 turns).

leisz the Geomancer (Gargoyle Earth Elementalist)   Turns: 8583, Time: 00:28:48

Health: -3/65      AC: 14    Str: 18    XL:     10   Next: 27%
Magic:  9/19       EV: 12    Int: 18    God:    Gozag
Gold:   707        SH:  0    Dex: 14    Spells: 18/22 levels left

rFire    . . .     SeeInvis +   M - +3 dagger (freeze)
rCold    + . .     Gourm    .   (no shield)
rNeg     + + .     Faith    .   H - +1 robe of the Failed Coup {rN+ MR+ SInv}
rPois    ∞         Spirit   .   (no helmet)
rElec    +         Reflect  .   (no cloak)
rCorr    .         Harm     .   (no gloves)
MR       +....                  z - +2 pair of boots
Stlth    ++........             (no amulet)
HPRegen  0.20/turn              o - ring of protection from cold
MPRegen  0.16/turn              f - +4 ring of dexterity

@: mighty, about to teleport
A: negative energy resistance 1, electricity resistance, unbreathing,
petrification resistance, rot immunity, AC +7
a: Potion Petition, Call Merchant, Bribe Branch, Renounce Religion


You were on level 8 of the Dungeon.
You worshipped Gozag.
Gozag was pleased with you.
You were not hungry.

You visited 1 branch of the dungeon, and saw 8 of its levels.

You collected 834 gold pieces.
You paid 127 gold pieces to Gozag.

Inventory:

Hand Weapons
 u - a +4 dagger of venom
 F - a +1 falchion of flaming
 J - a +0 dagger of holy wrath
 M - a +3 dagger of freezing (weapon)
Missiles
 b - 55 stones
 l - 8 tomahawks (quivered)
 I - 3 tomahawks of returning
Armour
 p - a +1 large shield
 z - a +2 pair of boots (worn)
 H - the +1 robe of the Failed Coup (worn) {rN+ MR+ SInv}
   (You found it on level 7 of the Dungeon)

   It protects you from negative energy.
   It affects your resistance to hostile enchantments.
   It lets you see invisible.
Jewellery
 f - a +4 ring of dexterity (right hand)
 o - a ring of protection from cold (left hand)
 v - an uncursed ring of flight
 B - an uncursed ring of fire
Wands
 g - a wand of paralysis (11)
 A - a wand of flame (36)
 D - a wand of digging (9)
Scrolls
 c - a scroll of blinking {unknown}
 e - a scroll of vulnerability {unknown}
 h - 2 scrolls of fear
 k - 4 scrolls of teleportation
 m - 3 scrolls of enchant weapon
 n - a scroll of fog {unknown}
 r - 3 scrolls of enchant armour
 s - a scroll of noise {unknown}
 w - 3 scrolls of remove curse
 x - a scroll of identify
 y - 2 scrolls of magic mapping {unknown}
 E - a scroll of immolation {unknown}
 G - a scroll of torment {unknown}
Potions
 a - a potion of might
 i - 3 potions of curing
 q - 5 potions of ambrosia
 K - a potion of mutation
 L - a potion of flight
Comestibles
 d - 18 rations


   Skills:
 + Level 8.6 Fighting
 + Level 8.1 Armour
 - Level 1.5 Dodging
 - Level 2.1 Stealth
 - Level 6.6 Spellcasting
   Level 0.7 Transmutations
 - Level 9.0 Earth Magic


You had 18 spell levels left.
You knew the following spells:

 Your Spells              Type           Power        Failure   Level  Hunger
a - Sandblast             Erth           #####.       1%          1    None
b - Stone Arrow           Conj/Erth      ###...       5%          3    ##.....

Your spell library contained the following spells:

 Spells                   Type           Power        Failure   Level  Hunger
 Passwall                 Tmut/Erth      ###.....     2%          2    None
 Lee's Rapid Deconstruct  Erth           #####.....   8%          5    #####..
 Petrify                  Tmut/Erth      ###.....     16%         4    ####...


Dungeon Overview and Level Annotations

Branches:
Dungeon (8/15)             Temple (0/1) D:7
   Lair: D:8-11

Altars:
Dithmenos
Gozag
Nemelex Xobeh
Trog
Xom
Zin

Annotations:
D:8 ThePrince's ghost, novice MiCK


Innate Abilities, Weirdness & Mutations

You are resistant to torment.
Your stone body is resilient. (AC +7)
You are immune to poison.
You resist negative energy. (rN+)
You are resistant to electric shocks. (rElec)
You can survive without breathing.
You are immune to petrification.
You are immune to rotting.


Message History

You hit ThePrince's ghost but do no damage.
ThePrince's ghost is heavily damaged.
ThePrince's ghost twaddles, "I had a jolly good time in life, and I have a ThePrince's ghost barely misses you.
Okay, then.
As you read the scroll of teleportation, it crumbles to dust.
You feel strangely unstable. ThePrince's ghost hits you.
* * * LOW HITPOINT WARNING * * *
ThePrince's ghost burns you.
* * * LOW HITPOINT WARNING * * *
Your surroundings seem slightly different.
ThePrince's ghost misses you.
Okay, then.
ThePrince's ghost whispers, "Death doesn't hurt.
What you feel is life."
As you read the scroll of teleportation, it crumbles to dust.
You feel strangely unstable. ThePrince's ghost hits you!
* * * LOW HITPOINT WARNING * * *
ThePrince's ghost burns you.
You die...
Your body crumbles into a pile of gold.

.##.....................##
######.#................# ####
##.#.#........⌠....# .#.#
#.................# ######
...####.................####.....
#....#####........._.............
##...## #..........[.............
##...####......W...#######......
#....# ###....@.### ####.##
##...# ##.....# ### ##...#
#....## ##### ##...## #....##
#######...## ##....#
#.....###.........># .....##
#..................## ....##
#.........####......# ....#
#.......### ###....# ....##
##......## #....#


You could see ThePrince's ghost.

Vanquished Creatures
  Pikel (D:6)
  The ghost of lysyklops the Poker, an amateur MfGl of the Shining One (D:3)
  Prince Ribbit (D:7)
  3 hippogriffs
  2 hungry ghosts
  Eustachio (D:6)
  4 ogres
  A sky beast (D:5)
  3 centaurs (D:5)
  A big kobold (D:7)
  A bullfrog (D:8)
  3 scorpions
  A howler monkey (D:7)
  4 crimson imps
  2 quasits (D:3)
  A bullfrog zombie (D:8)
  A centaur zombie (D:6)
  2 hounds
  2 jellies
  A centaur skeleton (D:8)
  2 orc priests
  9 orc wizards
  An iguana (D:5)
  5 worker ants
  A hound skeleton (D:7)
  A worker ant zombie (D:8)
  A howler monkey zombie (D:6)
  6 gnolls
  8 adders
  8 river rats (D:5)
  4 shadow imps
  A worker ant simulacrum (D:8)
  2 oozes
  3 adder zombies
  A worm (D:3)
  3 dart slugs
  6 leopard geckos
  46 orcs
  5 bats
  11 giant cockroaches
  8 goblins
  14 hobgoblins
  7 jackals
  10 quokkas
  A ball python (D:3)
  3 frilled lizards
  A jackal skeleton (D:5)
  15 kobolds
  A quokka skeleton (D:7)
  A quokka zombie (D:7)
  25 rats
  A butterfly (D:7)
247 creatures vanquished.

Notes
Turn   | Place    | Note
-------+----------+-------------------------------------------
     0 | D:1      | leisz the Gargoyle Earth Elementalist began the quest for
                  | the Orb.
     0 | D:1      | Reached XP level 1. HP: 10/10 MP: 3/3
    24 | D:1      | Reached XP level 2. HP: 16/16 MP: 0/5
   228 | D:1      | Reached skill level 1 in Fighting
   425 | D:1      | Reached skill level 4 in Earth Magic
   521 | D:1      | Reached XP level 3. HP: 16/20 MP: 4/6
  1537 | D:2      | Reached XP level 4. HP: 26/26 MP: 6/8
  1911 | D:3      | Found a transporter.
  1920 | D:3      | Noticed lysyklops's ghost (amateur MfGl)
  1988 | D:3      | Found a shimmering altar of Xom.
  2172 | D:3      | Reached XP level 5. HP: 31/31 MP: 9/9
  2487 | D:3      | Found a transporter.
  2591 | D:3      | Found a transporter.
  2629 | D:3      | Reached skill level 1 in Armour
  2629 | D:3      | Reached skill level 5 in Earth Magic
  2652 | D:3      | Found a transporter.
  2672 | D:3      | Killed lysyklops's ghost
  2672 | D:3      | Reached XP level 6. HP: 5/38 MP: 0/11
  3071 | D:4      | Reached XP level 7. HP: 42/42 MP: 9/12
  3295 | D:4      | Reached skill level 6 in Earth Magic
  3861 | D:5      | Entered Level 5 of the Dungeon
  3942 | D:5      | HP: 1/44 [centaur/arrow (2)]
  4308 | D:5      | Reached XP level 8. HP: 48/48 MP: 10/14
  4367 | D:5      | Reached skill level 5 in Fighting
  4510 | D:5      | Learned a level 3 spell: Stone Arrow
  4543 | D:5      | Reached skill level 5 in Spellcasting
  4543 | D:5      | Reached skill level 7 in Earth Magic
  5732 | D:6      | Reached skill level 5 in Armour
  6056 | D:6      | Reached XP level 9. HP: 51/55 MP: 5/17
  6466 | D:6      | Noticed Eustachio
  6488 | D:6      | Killed Eustachio
  6488 | D:6      | Reached skill level 8 in Earth Magic
  6594 | D:6      | Noticed Pikel
  6610 | D:6      | Killed Pikel
  6870 | D:6      | Found a sparkling altar of Nemelex Xobeh.
  6871 | D:6      | Found an opulent altar of Gozag.
  6899 | D:6      | Became a worshipper of Gozag Ym Sagoz the Greedy
  6964 | D:7      | Noticed Prince Ribbit
  6980 | D:7      | Killed Prince Ribbit
  7171 | D:7      | Reached skill level 9 in Earth Magic
  7194 | D:7      | Got an ominously black robe
  7300 | D:7      | Reached XP level 10. HP: 64/64 MP: 9/19
  7447 | D:7      | Found a staircase to the Ecumenical Temple.
  7630 | D:8      | Found a shimmering altar of Xom.
  7724 | D:8      | Found a runed gate.
  7725 | D:8      | Found a runed gate.
  7732 | D:8      | Found a runed gate.
  7732 | D:8      | Noticed ThePrince's ghost (novice MiCK)
  7745 | D:8      | Found a glowing silver altar of Zin.
  7768 | D:8      | Found a bloodstained altar of Trog.
  7780 | D:8      | Identified the +1 robe of the Failed Coup {rN+ MR+ SInv}
                  | (You found it on level 7 of the Dungeon)
  7968 | D:8      | Found a shadowy altar of Dithmenos.
  8583 | D:8      | HP: 3/65 [ThePrince's ghost (12)]
  8583 | D:8      | Slain by ThePrince's ghost

Skill      XL: |  1  2  3  4  5  6  7  8  9 10 |
---------------+-------------------------------+-----
Fighting       | 1 2 3 4 6 7 8 |  8.6
Earth Magic    | 4 5 6 7 9 |  9.0
Spellcasting   | 3 4 5 6 |  6.6
Armour         | 2 3 5 7 8 |  8.1
Dodging        | |  1.5
Stealth        | |  2.1
Transmutations | |  0.7

Action                   |  1- 3 |  4- 6 |  7- 9 | 10-12 || total
-------------------------+-------+-------+-------+-------++-------
Melee: Mace              |    16 |       |       |       ||    16
       Dagger            |    52 |    98 |   211 |    70 ||   431
       Falchion          |       |       |     1 |       ||     1
Throw: Tomahawk          |       |       |    11 |     1 ||    12
 Cast: Sandblast         |    17 |    34 |   117 |    26 ||   194
       Stone Arrow       |       |       |    39 |    14 ||    53
  Use: Scroll            |     1 |     4 |     5 |     5 ||    15
       Potion            |       |     4 |     1 |     2 ||     7
 Stab: Sleeping          |     4 |     1 |     4 |       ||     9
       Distracted        |       |       |     4 |     1 ||     5
  Eat: Chunk             |     2 |     4 |    11 |       ||    17
       Ration            |       |     1 |     1 |     2 ||     4
Armor: Robe              |    15 |       |    86 |    49 ||   150
       Leather armour    |       |    83 |    22 |       ||   105
Dodge: Dodged            |    29 |    87 |   177 |    54 ||   347
       Rpst.: Falchion   |       |       |     1 |       ||     1
